 Dungeon Crawl Stone Soup version 0.26-a0-1033-gd598b01645 (webtiles) character file.

Game seed: 10276741397011397406

93034 robertstho the Slingshot (level 16, -6/122 HPs)
             Began as a Halfling Hunter on Dec 10, 2020.
             Was the Champion of Okawaru.
             Mangled by a bunyip (17 damage)
             ... on level 1 of the Swamp.
             The game lasted 00:54:18 (28420 turns).

robertstho the Slingshot (Halfling Hunter)         Turns: 28420, Time: 00:54:20

Health: -6/122     AC: 28    Str: 20    XL:     16   Next: 55%
Magic:  0/24       EV: 14    Int:  9    God:    Okawaru [******]
Gold:   955        SH:  9    Dex: 17    Spells: 15/15 levels left

rFire    . . .     SeeInvis .   T - +0 fustibalus of Subterfuge {venom, Will+ Str+2 Stlth+}
rCold    + + +     Faith    .   w - +1 buckler {AC+3}
rNeg     . . .     Spirit   +   h - +1 plate armour {rC+}
rPois    +         Reflect  .   x - +0 helmet
rElec    .         Harm     .   L - +0 cloak
rCorr    .         Rampage  .   q - +0 pair of gloves
Will     ++...                  M - +2 pair of boots
Stlth    +.........             J - amulet of guardian spirit
HPRegen  0.30/turn              v - +4 ring of slaying
MPRegen  0.19/turn              t - ring "Joex" {rPois rC++}

@: about to teleport, heroism
A: small, mutation resistance 1
a: Heroism, Finesse, Renounce Religion


You were on level 1 of the Swamp.
You worshipped Okawaru.
Okawaru was exalted by your worship.
You visited 4 branches of the dungeon, and saw 22 of its levels.
You also visited: Ossuary, Bailey and Volcano.

You collected 3035 gold pieces.
You spent 2080 gold pieces at shops.

Inventory:

Hand Weapons
 b - a +4 double sword of holy wrath
 z - a +0 scimitar of flaming
 G - a +4 antimagic broad axe
 H - the +8 hunting sling of the Enchanted Forest {speed, Int+9}
   (You found it on level 5 of the Lair of Beasts)

   Attacks with this weapon are significantly faster.
   It affects your intelligence (+9).
 T - the +0 fustibalus of Subterfuge (weapon) {venom, Will+ Str+2 Stlth+}
   (Okawaru gifted it to you on level 2 of the Lair of Beasts)

   It poisons the ammo it fires.
   It affects your strength (+2).
   It affects your willpower, your defense against some magical effects.
   It makes you more stealthy.
 Z - the +9 fustibalus of Imbalance {speed, +Inv rElec Dex+2}
   (Okawaru gifted it to you on level 1 of the Orcish Mines)

   Attacks with this weapon are significantly faster.
   It affects your dexterity (+2).
   It insulates you from electricity.
   It lets you turn invisible.
Missiles
 d - 361 sling bullets
 l - 117 stones (quivered ammo)
Armour
 h - a +1 plate armour of cold resistance (worn)
 q - a +0 pair of gloves (worn)
 w - a +1 buckler of protection (worn)
 x - a +0 helmet (worn)
 L - a +0 cloak (worn)
 M - a +2 pair of boots (worn)
 P - +0 acid dragon scales
 R - the +5 ring mail of the Catamount {rElec rC- Will+++ Str-2}
   (You found it on level 9 of the Dungeon)

   It affects your strength (-2).
   It makes you vulnerable to cold.
   It insulates you from electricity.
   It affects your willpower, your defense against some magical effects.
Jewellery
 a - the ring of Userphir {rC- rN+++ EV+4 Str+3 Dex+3}
   (You took it off an orc on level 1 of the Orcish Mines)

   [ring of evasion]

   It affects your evasion (+4).
   It affects your strength (+3).
   It affects your dexterity (+3).
   It makes you vulnerable to cold.
   It renders you almost immune to negative energy.
 t - the ring "Joex" (right hand) {rPois rC++}
   (You bought it in a shop on level 2 of the Orcish Mines)

   [ring of poison resistance]

   It greatly protects you from cold.
   It protects you from poison.
 v - a +4 ring of slaying (left hand)
 J - an amulet of guardian spirit (around neck)
 W - an uncursed ring of see invisible
 Y - an uncursed ring of protection from cold
Wands
 c - a wand of disintegration (62)
 D - a wand of digging (5)
 N - a wand of iceblast (8)
Scrolls
 e - 3 scrolls of teleportation
 g - 6 scrolls of magic mapping
 j - 13 scrolls of remove curse
 k - 3 scrolls of fear
 m - a scroll of summoning
 o - 4 scrolls of blinking
 p - 8 scrolls of immolation
 s - 8 scrolls of enchant armour
 F - 3 scrolls of fog
 I - 2 scrolls of brand weapon
 K - 4 scrolls of enchant weapon
 X - 8 scrolls of identify
Potions
 f - a potion of cancellation
 i - 4 potions of mutation
 n - 2 potions of magic
 u - 10 potions of curing
 A - 6 potions of might
 E - 4 potions of flight
 Q - 5 potions of heal wounds
 S - a potion of berserk rage
 U - a potion of ambrosia
Miscellaneous
 y - a lightning rod (4/4)


   Skills:
 * Level 15.0(20.0) Fighting
 + Level 2.3(7.3) Long Blades
 + Level 1.3(6.3) Maces & Flails
 * Level 22.2(27) Slings
 + Level 9.0(14.0) Armour
 + Level 4.1(9.1) Dodging
 + Level 3.3(8.3) Stealth
 + Level 6.5(11.5) Shields
 * Level 11.0 Invocations
 + Level 1.0 Evocations


You had 15 spell levels left.
You didn't know any spells.
Your spell library contained the following spells:

 Spells                   Type           Power        Failure   Level
 Beastly Appendage        Tmut           #.....       99%         1
 Shock                    Conj/Air       #...         99%         1
 Corpse Rot               Necr/Air       N/A          100%        2
 Sublimation of Blood     Necr           #.........   100%        2
 Swiftness                Air            #.......     100%        2
 Wereblood                Tmut           #.......     100%        2
 Spider Form              Tmut/Pois      #.........   100%        3
 Static Discharge         Conj/Air       #.......     100%        3
 Airstrike                Air            #.........   100%        4
 Animate Dead             Necr           #.........   100%        4
 Dispel Undead            Necr           #.......     100%        4
 Ice Form                 Ice/Tmut       #.......     100%        4
 Agony                    Necr           #.......     100%        5
 Blade Hands              Tmut           #.........   100%        5
 Bolt of Magma            Conj/Fire/Erth #.........   100%        5
 Borgnjor's Vile Clutch   Necr/Erth      #.........   100%        5
 Excruciating Wounds      Necr           #.........   100%        5
 Irradiate                Conj/Tmut      #.........   100%        5
 Iskenderun's Battlesphe  Conj           #.......     100%        5
 Lightning Bolt           Conj/Air       #.........   100%        5
 Death Channel            Necr           #.........   100%        6
 Hydra Form               Tmut           #.........   100%        6
 Iron Shot                Conj/Erth      #.........   100%        6
 Simulacrum               Ice/Necr       #.........   100%        6
 Statue Form              Tmut/Erth      #........    100%        6
 Dragon Form              Tmut           #.........   100%        7
 Orb of Destruction       Conj           #.........   100%        7
 Spellforged Servitor     Conj/Summ      #.........   100%        7


Dungeon Overview and Level Annotations

Branches:
Dungeon (13/15)            Temple (0/1) D:4            Lair (6/6) D:11
  Swamp (1/4) Lair:2       Spider (0/4) Lair:4        Slime (0/5) Lair:6
    Orc (2/2) D:9             Elf (0/3) Orc:2       Ossuary (visited)
 Bailey (visited)         Volcano (visited)
 Vaults: D:13-14

Altars:
Ashenzari
Cheibriados
Dithmenos
Elyvilon
Fedhas
Gozag
Kikubaaqudgha
Nemelex Xobeh
Okawaru
Vehumet
The Shining One
Beogh

Shops:
D:9 *   D:12 *   Orc:2 (:=*[!(!*


Innate Abilities, Weirdness & Mutations

You are small and have problems with some larger weapons.
You are somewhat resistant to further mutation.


Message History

The spriggan rider hits you but does no damage.
You block the vampire mosquito's attack.
As you read the scroll of fear, it crumbles to dust.
You assume a fearsome visage.
The vampire mosquito is unaffected.
The hornet looks frightened!
The bunyip resists with almost no effort.
The spriggan rider resists with almost no effort.
You kill the hornet!
Okawaru accepts your kill.
The vampire mosquito bites you but does no damage.
The spriggan rider hits you from afar with a +0 spear!
* * * LOW HITPOINT WARNING * * *
The vampire mosquito bites you but does no damage.
As you read the scroll of teleportation, it crumbles to dust.
You feel strangely unstable.
You block the vampire mosquito's attack.
The bunyip claws you!!
* * * LOW HITPOINT WARNING * * *
The bunyip claws you!!
You die...

♣♣♣♣.≈(
≈.≈♣≈..≈≈
.≈....≈§
≈.≈...≈ ≈
♣♣♣♣...≈♣ .≈
♣(.(≈(.♣♣♣...
♣(yx(i≈...≈≈♣
♣≈@()(.((§.♣
♣♣.≈)...≈≈>≈
♣≈≈♣..♣..♣♣
≈≈...♣.≈♣
♣.≈≈.♣♣♣♣♣♣
..♣ ♣≈..≈
.^♣≈ ♣♣♣♣♣
≈..≈≈ §.≈...


You could see a bunyip, a spriggan rider and a vampire mosquito.

Vanquished Creatures
  Rupert (Lair:3)
  2 orc warlords (Orc:1)
  A stone giant (Orc:1)
  A dire elephant (Lair:6)
  A bunyip (Swamp:1)
  An ettin (Orc:2)
  Erolcha (Orc:2)
  3 hydras
  3 boulder beetles
  3 two-headed ogres
  3 centaur warriors (D:13)
  Erica (D:10)
  A catoblepas (Lair:6)
  2 alligators (Swamp:1)
  A queen ant (Lair:3)
  A tengu warrior (D:13)
  A deep troll shaman (Lair:6)
  17 death yaks
  Urug (D:10)
  4 orc high priests
  2 unseen horrors
  Pikel (D:5)
  3 bog bodies
  7 orc knights
  An oklob plant (Lair:2)
  A deep elf mage (D:13)
  2 orc sorcerers
  2 cyclopes
  4 ugly things
  7 slime creatures
  3 manticores
  3 black mambas
  9 elephants
  A gargoyle (D:12)
  13 cane toads
  4 komodo dragons
  Maggie (D:9)
  4 rime drakes
  2 polar bears (Lair:6)
  11 trolls
  Prince Ribbit (D:5)
  3 tyrant leeches
  11 blink frogs
  Grinder (D:3)
  3 hornets (Swamp:1)
  4 dream sheep (Lair:5)
  3 wraiths
  A vampire (D:11)
  3 spriggans (Swamp:1)
  A wyvern (Lair:3)
  6 basilisks
  66 yaks
  8 vampire mosquitoes
  Edmund (D:5)
  3 wargs
  11 soldier ants
  2 swamp worms
  An acid dragon (D:11)
  17 water moccasins
  4 black bears
  A swamp drake (D:11)
  2 ice beasts
  29 orc warriors
  2 sky beasts
  11 ogres
  3 phantoms
  9 wolves
  14 centaurs
  A lemure (D:5)
  4 big kobolds
  An elf zombie (Ossuary)
  12 bullfrogs
  2 wyvern zombies
  4 scorpions
  3 killer bees (D:11)
  4 wights (D:11)
  An electric eel (Lair:2)
  3 howler monkeys
  3 centaur zombies
  A quasit (D:8)
  2 bullfrog zombies
  4 hounds
  A human zombie (Ossuary)
  4 jellies
  34 orc priests
  Ijyb (D:5)
  2 bullfrog skeletons
  3 centaur skeletons
  Jessica (D:3)
  4 iguanas
  36 orc wizards
  24 worker ants
  2 big kobold zombies (Ossuary)
  3 hound zombies
  2 mummies (Ossuary)
  Robin (D:3)
  11 adders
  A gnoll (Bailey)
  2 river rats (Lair:5)
  2 shadow imps
  3 white imps
  2 ufetubi
  An ooze (D:1)
  2 adder skeletons
  An adder zombie (Ossuary)
  2 dart slugs
  A worm (D:3)
  4 leopard geckos
  101 orcs
  3 giant cockroaches (D:6)
  18 goblins
  8 hobgoblins
  2 jackals (D:1)
  32 kobolds
  2 quokkas
  A ball python (D:1)
  5 bats
  5 frilled lizards
  A giant cockroach zombie (D:5)
  2 goblin zombies (Ossuary)
  11 hobgoblin zombies (Ossuary)
  A jackal zombie (Ossuary)
  12 kobold zombies (Ossuary)
  A leopard gecko skeleton (D:4)
  2 orc zombies (Ossuary)
  A quokka skeleton (D:6)
  A quokka zombie (D:9)
  10 rats
  2 rat zombies (Ossuary)
767 creatures vanquished.

Vanquished Creatures (others)
  44 fungi
  53 plants
97 creatures vanquished.

Grand Total: 864 creatures vanquished

Notes
Turn   | Place    | Note
-------+----------+-------------------------------------------
     0 | D:1      | robertstho the Halfling Hunter began the quest for the Orb.
     0 | D:1      | Reached XP level 1. HP: 14/14 MP: 1/1
    12 | D:1      | Reached skill level 6 in Slings
    73 | D:1      | Found an iron altar of Okawaru.
    76 | D:1      | Reached XP level 2. HP: 19/19 MP: 2/2
    80 | D:1      | Became a worshipper of Warmaster Okawaru
   382 | D:1      | Reached XP level 3. HP: 24/24 MP: 3/3
   386 | D:1      | Reached skill level 7 in Slings
  1186 | D:2      | Found a broken altar of Ashenzari.
  1401 | D:2      | Found an opulent altar of Gozag.
  1442 | D:2      | Reached skill level 1 in Armour
  1442 | D:2      | Reached XP level 4. HP: 29/29 MP: 4/4
  2011 | D:3      | Noticed Robin
  2057 | D:3      | Killed Robin
  2300 | D:3      | Reached skill level 8 in Slings
  2322 | D:3      | Noticed Grinder
  2322 | D:3      | Paralysed by Grinder for 2 turns
  2334 | D:3      | Killed Grinder
  2334 | D:3      | Reached * piety under Okawaru
  2335 | D:3      | Reached skill level 9 in Slings
  2335 | D:3      | Reached skill level 1 in Invocations
  2335 | D:3      | Reached XP level 5. HP: 26/35 MP: 4/6
  2335 | D:3      | Reached XP level 6. HP: 30/41 MP: 4/7
  2609 | D:3      | Noticed Jessica
  2613 | D:3      | Killed Jessica
  2737 | D:3      | Reached XP level 7. HP: 11/45 MP: 5/8
  2758 | D:3      | Reached ** piety under Okawaru
  3164 | D:4      | Found a sand-covered staircase.
  3173 | Ossuary  | Entered an ossuary
  3336 | Ossuary  | Reached skill level 10 in Slings
  3392 | Ossuary  | Reached skill level 1 in Shields
  3584 | D:4      | Found a snail-covered altar of Cheibriados.
  3768 | D:4      | Reached XP level 8. HP: 52/52 MP: 9/9
  3779 | D:4      | Reached skill level 11 in Slings
  3953 | D:4      | Found a staircase to the Ecumenical Temple.
  4200 | D:5      | Entered Level 5 of the Dungeon
  4266 | D:5      | Noticed Edmund
  4276 | D:5      | Killed Edmund
  4407 | D:5      | Noticed Ijyb
  4421 | D:5      | Killed Ijyb
  4428 | D:5      | Reached *** piety under Okawaru
  4429 | D:5      | Reached skill level 12 in Slings
  4955 | D:5      | Noticed Pikel
  4967 | D:5      | Killed Pikel
  4967 | D:5      | Received a gift from Okawaru
  4967 | D:5      | Reached **** piety under Okawaru
  4968 | D:5      | Reached skill level 13 in Slings
  4968 | D:5      | Reached XP level 9. HP: 59/59 MP: 8/11
  5029 | D:5      | Noticed Prince Ribbit
  5251 | D:5      | Killed Prince Ribbit
  5603 | D:5      | Received a gift from Okawaru
  5604 | D:5      | Reached skill level 5 in Fighting
  5737 | D:6      | Reached skill level 14 in Slings
  5778 | D:6      | Found a blossoming altar of Fedhas.
  5811 | D:6      | Found a shadowy altar of Dithmenos.
  5886 | D:6      | Received a gift from Okawaru
  6721 | D:7      | Reached XP level 10. HP: 62/66 MP: 11/13
  7164 | D:8      | Reached ***** piety under Okawaru
  7165 | D:8      | Reached skill level 1 in Maces & Flails
  7193 | D:8      | Received a gift from Okawaru
  7286 | D:8      | Noticed a two-headed ogre
  7293 | D:8      | Killed a two-headed ogre
  7506 | D:8      | Found a sparkling altar of Nemelex Xobeh.
  7597 | D:8      | Found a radiant altar of Vehumet.
  7612 | D:8      | Found a white marble altar of Elyvilon.
  7612 | D:8      | Found a glowing golden altar of the Shining One.
  7612 | D:8      | Found an ancient bone altar of Kikubaaqudgha.
  7920 | D:9      | Noticed Maggie
  7928 | D:9      | Killed Maggie
  8040 | D:9      | Found Kotal's General Store.
  8051 | D:9      | Bought 15 sling bullets for 105 gold pieces
  8051 | D:9      | Bought 16 stones for 22 gold pieces
  8053 | D:9      | Bought a potion of curing for 42 gold pieces
  8083 | D:9      | Reached skill level 15 in Slings
  8134 | D:9      | Found a staircase to the Orcish Mines.
  8167 | D:9      | Received a gift from Okawaru
  8526 | D:9      | Reached skill level 5 in Invocations
  8979 | D:9      | Got an ancient ring mail
  9004 | D:10     | Entered Level 10 of the Dungeon
  9032 | D:10     | Noticed Urug
  9054 | D:10     | Killed Urug
  9055 | D:10     | Reached XP level 11. HP: 41/77 MP: 7/15
  9401 | D:10     | Noticed Erica
  9411 | D:10     | Killed Erica
  9411 | D:10     | Received a gift from Okawaru
  9760 | D:10     | Reached skill level 16 in Slings
 10529 | D:10     | Identified the +5 ring mail of the Catamount {rElec rC-
                  | Will+++ Str-2} (You found it on level 9 of the Dungeon)
 10592 | D:11     | Received a gift from Okawaru
 10687 | D:11     | Found a gate leading to a gauntlet.
 10688 | D:11     | You fall into a shaft and drop 2 floors!
 10718 | D:13     | Noticed a brown ugly thing
 10727 | D:13     | Killed a brown ugly thing
 10728 | D:13     | Reached skill level 5 in Armour
 10762 | D:13     | Noticed a centaur warrior
 10771 | D:13     | Killed a centaur warrior
 10818 | D:11     | Found a flagged portal.
 10850 | Bailey   | Entered a bailey
 11027 | Bailey   | Noticed an orc knight
 11032 | Bailey   | Noticed an orc knight
 11066 | Bailey   | Killed an orc knight
 11066 | Bailey   | Received a gift from Okawaru
 11070 | Bailey   | Killed an orc knight
 11100 | Bailey   | Found a bloodstained altar of Trog.
 11369 | D:11     | Noticed a two-headed ogre
 11380 | D:11     | Killed a two-headed ogre
 11380 | D:11     | Received a gift from Okawaru
 11381 | D:11     | Reached XP level 12. HP: 86/86 MP: 13/16
 11480 | D:11     | Received a gift from Okawaru
 11645 | D:11     | Found a staircase to the Lair.
 11990 | D:11     | Reached skill level 10 in Fighting
 12416 | D:12     | Reached skill level 17 in Slings
 12435 | D:12     | Noticed a two-headed ogre
 12450 | D:12     | Killed a two-headed ogre
 12450 | D:12     | Reached ****** piety under Okawaru
 12451 | D:12     | Reached skill level 1 in Evocations
 12646 | D:12     | Received a gift from Okawaru
 12659 | D:12     | Killed an unseen horror
 12936 | D:12     | Found Pugi's Assorted Antiques.
 13149 | D:12     | Reached skill level 1 in Long Blades
 13413 | D:12     | Reached XP level 13. HP: 94/94 MP: 18/18
 13648 | D:13     | Noticed a boulder beetle
 13671 | D:13     | Killed a boulder beetle
 13672 | D:13     | Reached skill level 5 in Shields
 13896 | D:13     | Noticed a centaur warrior
 13907 | D:13     | Killed a centaur warrior
 13908 | D:13     | Reached skill level 18 in Slings
 13991 | D:13     | Noticed a centaur warrior
 14000 | D:13     | Killed a centaur warrior
 14297 | D:13     | Noticed a boulder beetle
 14314 | D:13     | Killed a boulder beetle
 14505 | D:13     | Received a gift from Okawaru
 14646 | D:13     | Noticed a centaur warrior
 14761 | Lair:1   | Entered Level 1 of the Lair of Beasts
 16043 | Lair:2   | Noticed a seven-headed hydra
 16048 | Lair:2   | Killed a seven-headed hydra
 16134 | Lair:2   | Received a gift from Okawaru
 16149 | Lair:2   | Reached skill level 19 in Slings
 16152 | Lair:2   | Got a transparent fustibalus {god gift}
 16152 | Lair:2   | Identified the +0 fustibalus of Subterfuge {venom, Will+
                  | Str+2 Stlth+} (Okawaru gifted it to you on level 2 of the
                  | Lair of Beasts)
 16413 | Lair:2   | Reached XP level 14. HP: 103/103 MP: 20/20
 16419 | Lair:2   | Found a staircase to the Swamp.
 17917 | Lair:3   | Noticed Rupert
 18345 | Lair:3   | Received a gift from Okawaru
 19086 | Lair:3   | Killed Rupert
 19086 | Lair:3   | Received a gift from Okawaru
 19289 | Lair:4   | Received a gift from Okawaru
 19476 | Lair:4   | Reached skill level 20 in Slings
 19713 | Lair:4   | Found a dark tunnel.
 19720 | Volcano  | Entered a volcano
 20332 | Lair:4   | Found a hole to the Spider Nest.
 20963 | Lair:5   | Got an ebony hunting sling
 20964 | Lair:5   | Identified the +8 hunting sling of the Enchanted Forest
                  | {speed, Int+9} (You found it on level 5 of the Lair of
                  | Beasts)
 21279 | Lair:5   | Reached XP level 15. HP: 111/111 MP: 22/22
 21728 | Lair:5   | Reached skill level 10 in Invocations
 22200 | Lair:6   | Entered Level 6 of the Lair of Beasts
 22396 | Lair:6   | Received a gift from Okawaru
 22779 | Lair:6   | Found a staircase to the Slime Pits.
 22937 | Lair:6   | Reached skill level 21 in Slings
 22963 | Lair:6   | Received a gift from Okawaru
 23582 | Lair:6   | Received a gift from Okawaru
 23874 | Lair:6   | Found the +9 heavy crossbow "Sniper" {vorpal, Acc+∞ SInv}
 24190 | Orc:1    | Entered Level 1 of the Orcish Mines
 24532 | Orc:1    | Noticed an orc warlord
 24551 | Orc:1    | Killed an orc warlord
 24587 | Orc:1    | Received a gift from Okawaru
 24614 | Orc:1    | Reached XP level 16. HP: 111/120 MP: 19/23
 24727 | Orc:1    | Received a gift from Okawaru
 24749 | Orc:1    | Got a faintly glowing fustibalus {god gift}
 24750 | Orc:1    | Identified the +9 fustibalus of Imbalance {speed, +Inv
                  | rElec Dex+2} (Okawaru gifted it to you on level 1 of the
                  | Orcish Mines)
 24814 | Orc:1    | Identified the ring of Userphir {rC- rN+++ EV+4 Str+3
                  | Dex+3}
 25777 | Orc:2    | Entered Level 2 of the Orcish Mines
 25777 | Orc:2    | Found Unloh Nua's General Store.
 25901 | Orc:2    | Bought a scroll of blinking for 97 gold pieces
 25901 | Orc:2    | Bought a potion of cancellation for 104 gold pieces
 25901 | Orc:2    | Bought a scroll of identify for 26 gold pieces
 26390 | Orc:2    | Noticed Erolcha
 26400 | Orc:2    | Killed Erolcha
 26529 | Orc:2    | Reached skill level 22 in Slings
 26597 | Orc:2    | Found Lecuidist's Distillery.
 26597 | Orc:2    | Found Yrabb's General Store.
 26603 | Orc:2    | Found Adehok's Antique Weapon Shop.
 26603 | Orc:2    | Found Yxzutoism's Antique Armour Boutique.
 26613 | Orc:2    | Bought a potion of might for 56 gold pieces
 26613 | Orc:2    | Bought a scroll of summoning for 133 gold pieces
 26613 | Orc:2    | Bought 21 sling bullets for 147 gold pieces
 26614 | Orc:2    | Bought a runed scarf for 240 gold pieces
 26614 | Orc:2    | Bought a glowing scarf for 240 gold pieces
 26753 | Orc:2    | Found Acuaguix's Book Shop.
 26753 | Orc:2    | Found Kaog Zoh's Jewellery Emporium.
 27052 | Orc:2    | Found Vaef's Weapon Shop.
 27125 | Orc:2    | Found a roughly hewn altar of Beogh.
 27251 | Orc:2    | Found Visyse's Distillery.
 27346 | Orc:2    | Bought a potion of curing for 42 gold pieces
 27346 | Orc:2    | Bought a potion of heal wounds for 70 gold pieces
 27376 | Orc:2    | Found a staircase to the Elven Halls.
 27752 | Orc:2    | Bought the ring "Joex" {rPois rC++} for 756 gold pieces
 27937 | Swamp:1  | Entered Level 1 of the Swamp
 28361 | Swamp:1  | Received a gift from Okawaru
 28414 | Swamp:1  | Reached skill level 15 in Fighting
 28420 | Swamp:1  | Mangled by a bunyip

Illustrated notes

Levels and vault maps discovered:
D:1:      dpeg_arrival_line_fractal, layout_basic, okawaru_ov_weapons_minmay
D:2:      layout_basic, ashenzari_conservatory_becter, lemuel_round_altar
D:3:      cheibrodos_pilgrimage, layout_rooms, biasface_ghost_orc_armoury,
          nicolae_ru_path_of_blood, uniq_grinder, uniq_jessica, uniq_robin
D:4:      layout_loops_ring, cheibriados_altar_1,
          minmay_temple_entry_enclosed_plants, nicolae_ossuary_entry_monument,
          kennysheep_generic_room_16
D:5:      layout_basic, uniq_edmund, uniq_ijyb, uniq_pikel, uniq_prince_ribbit1
D:6:      layout_rooms, fedhas_altar_1, nicolae_dithmenos_the_darkroom
D:7:      layout_loops_ring
D:8:      layout_loops_corners, nemelex_xobeh_ov_fountains_minmay, minitemple
D:9:      layout_irregular_city, hiddenorc2_lemuel, serial_shops, shop_statue,
          glass_columns_b, minivault_26, uniq_maggie
D:10:     layout_layer_cave, uniq_erica, uniq_urug
D:11:     layout_irregular_city, erik_lair_dragon, enter_bailey_5,
          gauntlet_entry_generic
D:12:     layout_loops_ring, serial_shops, shop
D:13:     layout_gridville, minmay_starry_boxes
Lair:1:   layout_roguey, lemuel_fruit_tree, serial_bayou_shore_a
Lair:2:   layout_cave_pods, nicolae_swamp_entry_splash_gauntlet
Lair:3:   layout_loops_ring, zaba_antful_of_joy, grunt_megastairs_2, uniq_rupert
Lair:4:   layout_small_grid, dummy_spider_entry, nicolae_volcano_entry_hallway,
          grunt_megastairs_3
Lair:5:   layout_roguey, pond
Lair:6:   grunt_lair_end_beastmaster, layout_misc_corridors,
          minmay_slime_entry_pillars
Swamp:1:  cheibrodos_swamp_monstrosity, layout_basic_swamp,
          evilmike_swamp_ruin_house_2
Orc:1:    layout_caves, minmay_orc_treasury
Orc:2:    st_orc_mages, layout_caves, basic_altar, serial_shops, shop, shop,
          shop, shop, shop, uniq_erolcha

Skill      XL: |  1  2  3  4  5  6  7  8  9 10 11 12 13 14 15 16 |
---------------+-------------------------------------------------+-----
Slings         | 6 7 9 10 13 14 15 16 17 19 20 21 22 | 22.2
Fighting       | 2 3 4 5 7 9 10 12 13 14 15 | 15.0
Armour         | 1 2 4 5 6 7 8 9 |  9.0
Invocations    | 1 2 3 4 5 6 7 8 9 10 11 | 11.0
Shields        | 1 3 4 5 6 |  6.5
Maces & Flails | 1 |  1.3
Dodging        | 3 4 |  4.1
Evocations     | 1 |  1.0
Stealth        | 2 3 |  3.3
Long Blades    | 1 2 |  2.3

Action                   |  1- 3 |  4- 6 |  7- 9 | 10-12 | 13-15 | 16-18 || total
-------------------------+-------+-------+-------+-------+-------+-------++-------
Melee: Flail             |       |       |     3 |       |       |       ||     3
       Double sword      |       |       |       |    12 |       |       ||    12
 Fire: Hunting sling     |    92 |    95 |   374 |   482 |   197 |       ||  1240
       Fustibalus        |       |       |       |   211 |  1219 |   448 ||  1878
Invok: Heroism           |       |     1 |     3 |     5 |    17 |     7 ||    33
       Finesse           |       |       |       |       |     3 |       ||     3
Evoke: Wand              |       |       |       |     9 |       |       ||     9
  Use: Scroll            |       |     6 |     2 |    19 |     8 |     5 ||    40
       Potion            |       |     1 |       |     2 |       |       ||     3
Armor: Leather armour    |     9 |       |       |       |       |       ||     9
       Ring mail         |     2 |    13 |       |    38 |     1 |       ||    54
       Chain mail        |       |       |    53 |    27 |       |       ||    80
       Skin              |       |       |     1 |       |       |       ||     1
       Scale mail        |       |       |       |       |    90 |       ||    90
       Plate armour      |       |       |       |       |    94 |    88 ||   182
Dodge: Dodged            |    29 |    22 |    34 |   103 |   231 |    68 ||   487
Block: Kite shield       |       |    18 |    51 |    72 |       |       ||   141
       Buckler           |       |       |       |     7 |   201 |    78 ||   286
       Rpst.: Double sword |       |       |       |     3 |       |       ||     3

Table legend: (Time is in decaauts)
 A = Elapsed time spent in this place.
 B = Non-inter-level travel time spent in this place.
 C = Inter-level travel time spent in this place.
 D = Time resting spent in this place.
 E = Time spent auto-exploring this place.
 F = Levels seen in this place.
 G = Mean time per level.
                   A        B        C        D        E       F      G
               +--------+--------+--------+--------+--------+-----+--------+
         Total |  27443 |  26083 |   1360 |   1969 |  19792 |  25 | 1097.7 |
       Dungeon |  14168 |  13365 |    803 |    617 |  10676 |  13 | 1089.8 |
          Lair |   9223 |   8853 |    370 |    557 |   7020 |   6 | 1537.2 |
         Swamp |    191 |    190 |      1 |      0 |    114 |   1 |  191.0 |
  Orcish Mines |   3156 |   2972 |    184 |    795 |   1602 |   2 | 1578.0 |
       Ossuary |    339 |    339 |      0 |      0 |    188 |   1 |  339.0 |
        Bailey |    283 |    283 |      0 |      0 |    129 |   1 |  283.0 |
       Volcano |     80 |     80 |      0 |      0 |     62 |   1 |   80.0 |
               +--------+--------+--------+--------+--------+-----+--------+

Top non-repeatable levels by time:
  Lair:3: 1976 daAuts
   Orc:1: 1857 daAuts
  Lair:2: 1741 daAuts
  Lair:6: 1721 daAuts
    D:11: 1561 daAuts
    D:10: 1522 daAuts
     D:5: 1424 daAuts
  Lair:4: 1417 daAuts
     D:9: 1356 daAuts
   Orc:2: 1299 daAuts
  Lair:1: 1241 daAuts
    D:13: 1182 daAuts
     D:3: 1145 daAuts
  Lair:5: 1124 daAuts
    D:12: 1115 daAuts
